 Dungeon Crawl Stone Soup version 0.29.1-15-g9cfb28693d (webtiles) character file.

Game seed: 14625137034496196410

160 Smoke131 the Firebug (level 5, 0/38 HPs)
             Began as a Draconian Fire Elementalist on Feb 25, 2023.
             Slain by a human skeleton (3 damage)
             ... on level 4 of the Dungeon.
             The game lasted 00:07:28 (3753 turns).

Smoke131 the Firebug (Draconian Fire Elementalist)  Turns: 3753, Time: 00:07:29

Health: 0/38       AC:  5    Str: 11    XL:     5   Next: 17%
Magic:  0/9        EV: 12    Int: 17    God:
Gold:   181        SH:  0    Dex: 11    Spells: 3/9 levels left

rFire   . . .      SeeInvis .   g - +2 dagger (freeze)
rCold   . . .      Faith    .   (no shield)
rNeg    . . .      Spirit   .   (body armour unavailable)
rPois   .          Reflect  .   (helmet restricted)
rElec   .          Harm     .   (no cloak)
rCorr   .          Rampage  .   (no gloves)
Will    .....                   (no boots)
Stlth   ++........              (no amulet)
HPRegen 0.12/turn               (no ring)
MPRegen 0.11/turn               (no ring)

@: no status effects
A: AC +5, unfitting armour, cold-blooded
a: no special abilities


You were on level 4 of the Dungeon.
You visited 1 branch of the dungeon, and saw 4 of its levels.

You collected 181 gold pieces.

Inventory:

Hand Weapons
 g - a +2 dagger of freezing (weapon)
Armour
 e - a +0 buckler
Scrolls
 c - a scroll of blinking
 f - a scroll of teleportation
Potions
 a - a potion of magic
 d - 4 potions of curing
 h - 2 potions of attraction
 j - a potion of flight {unknown}
 k - 2 potions of mutation {unknown}
 m - a potion of might {unknown}
 n - 3 potions of haste
 p - a potion of brilliance {unknown}
 q - a potion of invisibility {unknown}


   Skills:
 + Level 2.6 Dodging
 - Level 1.7 Stealth
 + Level 1.7 Shields
 + Level 2.8 Spellcasting
 + Level 2.2 Conjurations
 + Level 3.8 Fire Magic


You had 3 spell levels left.
You knew the following spells:

 Your Spells              Type           Power      Damage    Failure   Level
a - Foxfire               Conj/Fire      48%        2x1d6     4%          1
b - Scorch                Fire           30%        2d7       5%          2
c - Conjure Flame         Conj/Fire      12%        6-21      16%         3

Your spell library contained the following spells:

 Spells                   Type           Power      Damage    Failure   Level
 Inner Flame              Hex/Fire       8%         N/A       24%         3
 Flame Wave               Conj/Fire      12%        2d6       45%         4


Dungeon Overview and Level Annotations

Branches:
Dungeon (4/15)
 Temple: D:4-7

Altars:
The Shining One

Shops:
D:1 ?


Innate Abilities, Weirdness & Mutations

Your plain brown scales are hard. (AC +5)
You cannot fit into any form of body armour.
You are cold-blooded and may be slowed by cold attacks.


Message History

The human skeleton hits you. The human skeleton misses you.
Casting: Foxfire (safe; 5% risk of failure)
Confirm with . or Enter, or press ? or * to list all spells.
You conjure some foxfire!
The foxfire hits the human skeleton.
The human skeleton is moderately damaged.
The foxfire hits the human skeleton.
The human skeleton is moderately damaged.
The human skeleton barely misses you. The human skeleton closely misses you.
Sorry, you're not good enough to have a special ability.
You barely miss the human skeleton. You tail-slap the human skeleton.
The human skeleton is heavily damaged.
The foxfire hits the human skeleton.
The human skeleton is almost destroyed.
The foxfire hits the human skeleton.
The human skeleton is almost destroyed.
The human skeleton hits you. x2
* * * LOW HITPOINT WARNING * * *
Casting: Foxfire (safe; 5% risk of failure)
Confirm with . or Enter, or press ? or * to list all spells.
You conjure some foxfire!
The human skeleton hits you!
* * * LOW HITPOINT WARNING * * *
The human skeleton barely misses you.
Casting: Foxfire (safe; 5% risk of failure)
Confirm with . or Enter, or press ? or * to list all spells.
You conjure some foxfire!
The foxfire hits the human skeleton.
The human skeleton is heavily damaged.
The foxfire hits the human skeleton.
The human skeleton is heavily damaged.
The foxfire hits the human skeleton.
The human skeleton is almost destroyed.
The foxfire hits the human skeleton.
You destroy the human skeleton!
You have reached level 5!
Casting: Foxfire (safe; 4% risk of failure)
Confirm with . or Enter, or press ? or * to list all spells.
Flames lash the human skeleton.
The human skeleton is almost destroyed.
The human skeleton's fire resistance burns away.
The human skeleton hits you.
You die...

####
....#########
......#...... ###
#....+...... #.+
#..####.###
#+#'####..####.##
+...'.#........<#
#(Z.###........##
+@..'.#.......##
#+#'####.....##
#...'...>###
#####.....#
.......#
.......).#
#...#...#..#
#..##.8.##... ..#
..... #...


You could see a human skeleton (combustible).

Vanquished Creatures
  A human skeleton (D:4)
  6 adders
  A worm (D:4)
  A dart slug (D:3)
  6 orcs
  2 ball pythons
  4 endoplasms
  A giant cockroach (D:3)
  9 goblins
  5 hobgoblins
  8 jackals
  4 quokkas
  7 bats
  2 frilled lizards
  5 kobolds
  An orc skeleton (D:4)
  6 rats
69 creatures vanquished.

Vanquished Creatures (others)
  86 foxfires
86 creatures vanquished.

Grand Total: 155 creatures vanquished

Notes
Turn   | Place    | Note
-------+----------+-------------------------------------------
     0 | D:1      | Smoke131 the Draconian Fire Elementalist began the quest
                  | for the Orb.
     0 | D:1      | Reached XP level 1. HP: 14/14 MP: 3/3
   465 | D:1      | Reached XP level 2. HP: 16/20 MP: 1/5
   819 | D:1      | Found Meog's Magic Scroll Shop.
   902 | D:1      | Found a faded altar of an unknown god.
  1035 | D:1      | Learned a level 2 spell: Scorch
  1414 | D:2      | Reached XP level 3. HP: 23/26 MP: 2/6
  1430 | D:2      | Reached skill level 1 in Shields
  2094 | D:2      | Reached XP level 4. HP: 33/33 MP: 3/7
  3365 | D:3      | Learned a level 3 spell: Conjure Flame
  3545 | D:4      | Found a glowing golden altar of the Shining One.
  3675 | D:4      | Noticed an ogre
  3753 | D:4      | Reached XP level 5. HP: 3/38 MP: 2/9
  3753 | D:4      | Slain by a human skeleton

Illustrated notes

Levels and vault maps discovered:
D:1:      dpeg_arrival_shrine, layout_loops_ring,
          nicolae_ecumenical_lake_church, serial_shops,
          nicolae_shop_hallway_plus
D:2:      layout_basic
D:3:      layout_loops_ring, guppyfry_early_orc_mine
D:4:      minmay_polygon_palace, layout_gridville, mainiacjoe_overflow_alcove_1,
          mainiacjoe_overflow_cross_hatched, minmay_temple_entry_waves,
          nicolae_ossuary_entry_catacombs, uniq_grinder, uniq_eustachio

Skill      XL: |  1  2  3  4 |
---------------+-------------+-----
Dodging        | 2 |  2.6
Shields        | 1 |  1.7
Conjurations   | 2 |  2.2
Stealth        | |  1.7
Spellcasting   | |  2.8
Fire Magic     | |  3.8

Action                   |  1- 3 |  4- 6 || total
-------------------------+-------+-------++-------
Melee: Unarmed           |    33 |       ||    33
       Tailslap          |     6 |     7 ||    13
       Punch             |     1 |       ||     1
       Dagger            |    50 |    69 ||   119
       Club              |     2 |       ||     2
 Cast: Foxfire           |    27 |    27 ||    54
       Scorch            |       |     1 ||     1
  Use: Scroll            |       |     8 ||     8
 Stab: Sleeping          |     1 |     5 ||     6
Armor: Skin              |    30 |    27 ||    57
Dodge: Dodged            |    72 |    63 ||   135
